 Dungeon Crawl Stone Soup version 0.31-a0-174-g85c54bcb58 (webtiles) character file.

Game seed: 2706119976270829896

66 qw the Shooter (level 4, -2/39 HPs)
             Began as a Naga Hunter on June 15, 2023.
             Slain by a goblin
             ... wielding a +0 club
             ... led by Robin
              (5 damage)
             ... on level 2 of the Dungeon.
             The game lasted 00:00:21 (879 turns).

qw the Shooter (Naga Hunter)                         Turns: 879, Time: 00:00:22

Health: -2/39      AC:  2    Str: 14    XL:     4   Next: 15%
Magic:  4/4        EV:  9    Int:  9    God:
Gold:   81         SH:  0    Dex: 16    Spells: 3/3 levels left

rFire   . . .        Y - +0 shortbow
rCold   . . .        (shield currently unavailable)
rNeg    . . .        c - +0 leather armour
rPois   +            (no helmet)
rElec   .            (no cloak)
rCorr   .            (no gloves)
SInv    +            (no barding)
Will    .....        (no amulet)
Stlth   ++           (no ring)
HPRegen 0.26/turn    (no ring)
MPRegen 0.09/turn

%: no passive effects
@: short of breath, very slow
A: AC +1, large, see invisible, deformed body, poison resistance, slowness 2,
spit poison 1, naga tail 1
a: Spit Poison


You were on level 2 of the Dungeon.
You visited 1 branch of the dungeon, and saw 2 of its levels.

You collected 81 gold pieces.


Innate Abilities, Weirdness & Mutations

Your serpentine skin is tough. (AC +1)
You have supernaturally acute eyesight. (SInv)
Armour fits poorly on your strangely shaped body.
Your system is resistant to poisons. (rPois)
You cover ground very slowly.
You can spit poison.
You have a snake-like lower body.


   Skills:
 + Level 2.2 Fighting
 - Level 5.0 Ranged Weapons
 - Level 1.5 Dodging
 - Level 1.5 Stealth


You had 3 spell levels left.
You didn't know any spells.
Your spell library was empty.

Inventory:

Hand Weapons
 Y - a +0 shortbow (weapon)
Armour
 b - a +0 cloak
 c - a +0 leather armour (worn)
Jewellery
 d - the amulet "Xicuxuddea" {Spirit Drain +Blink Str+7}
   (You found it on level 2 of the Dungeon)

   [amulet of guardian spirit]

   It causes incoming damage to be divided between your reserves of health and
   magic.
   Str:       It affects your strength (+7).
   +Blink:    It lets you blink.
   Drain:     It drains your maximum health when unequipped.
Scrolls
 a - a scroll of identify
Potions
 e - 2 potions of berserk rage {unknown}
 h - a potion of degeneration {unknown}
 i - a potion of ambrosia {unknown}

Dungeon Overview and Level Annotations

Branches:
Dungeon (2/15)

Altars:
Trog

Annotations:
D:2 Robin, Terence


Message History

Robin barely misses you. The hobgoblin closely misses you.
You shoot an arrow. The arrow closely misses Robin.
Robin hits you with a +0 short sword.
The hobgoblin hits you but does no damage.
Terence the Incautious comes into view.
He is wielding a +0 mace.
You shoot an arrow.
The arrow hits Robin but does no damage.
The goblin no longer looks unusually strong.
Robin roars a battlecry!
The goblin goes into a battle-frenzy!
The goblin barely misses you. The hobgoblin barely misses you.
Robin barely misses you. The hobgoblin barely misses you.
The goblin hits you with a +0 club. The goblin hits you with a +0 dagger.
A hobgoblin comes into view.
The hobgoblin shouts!
You shoot an arrow. The arrow barely misses Robin.
The arrow hits the hobgoblin.
The hobgoblin is severely wounded.
You have got your breath back.
The goblin no longer looks unusually strong.
The hobgoblin no longer looks unusually strong.
Robin roars a battlecry!
The goblins go into a battle-frenzy!
The goblin hits you with a +0 club. The hobgoblin hits you.
Terence screams, "I'm going to kill you!"
The goblin hits you with a +0 dagger.
878 ||| INVOKING Spit Poison.
Aiming: Spit Poison (1% risk of failure)
Press: ? - help, Shift-Dir - straight line, f/p - Robin The splash of poison hits Robin but does no damage.
The hobgoblin no longer looks unusually strong.
Robin throws the goblin at you! The goblin hits you with a +0 club.
The hobgoblin completely misses you. The goblin closely misses you.
The goblin hits you but does no damage.
You shoot an arrow. The arrow hits Robin.
Robin is moderately wounded.
Robin roars a battlecry!
The hobgoblin goes into a battle-frenzy!
The goblin barely misses you. The hobgoblin hits you.
The goblin hits you with a +0 dagger. The goblin hits you with a +0 club.
You die...

###########. #...........
######## #........)#
.......######.........#.
######.....##...ggg...."
#####.....g@gg@g.#
################g##.## #.......#
... #^......# ##..... #.......#
#....### . ##......<#
###....####..##
##.......#####.....###.. ..###
.................#.###.##.....#
#.###.#####......#..##.#.......#


You could see Terence, Robin, 4 hobgoblins and 3 goblins.

Vanquished Creatures
  2 gnolls (D:1)
  An adder (D:2)
  A worm (D:2)
  A dart slug (D:1)
  A giant cockroach (D:1)
  7 goblins
  3 hobgoblins (D:1)
  A quokka (D:1)
  A ball python (D:1)
  3 bats (D:1)
  3 frilled lizards
  6 kobolds (D:1)
  4 rats
34 creatures vanquished.

Notes
Turn   | Place    | Note
-------+----------+-------------------------------------------
     0 | D:1      | qw the Naga Hunter began the quest for the Orb.
     0 | D:1      | Reached XP level 1. HP: 19/19 MP: 1/1
     0 | D:1      | 0 ||| qw: Version: 0.2-a-29-g511e9b1
     0 | D:1      | 0 ||| qw: Game counter: 5252
     0 | D:1      | 0 ||| qw: Always use a shield: true
     0 | D:1      | 0 ||| qw: God list: Okawaru
     0 | D:1      | 0 ||| qw: Allow faded altars: false
     0 | D:1      | 0 ||| qw: Do Orc after D:15 true
     0 | D:1      | 0 ||| qw: Do second Lair branch before Depths: true
     0 | D:1      | 0 ||| qw: Lair rune preference: random
     0 | D:1      | 0 ||| qw: Plans: Normal
     0 | D:1      | 0 ||| PLANNING D:1-11
    52 | D:1      | 52 ||| INVOKING Spit Poison.
    75 | D:1      | 75 ||| INVOKING Spit Poison.
    97 | D:1      | 97 ||| INVOKING Spit Poison.
   142 | D:1      | 142 ||| INVOKING Spit Poison.
   146 | D:1      | 146 ||| INVOKING Spit Poison.
   190 | D:1      | 190 ||| INVOKING Spit Poison.
   194 | D:1      | Reached skill level 4 in Ranged Weapons
   194 | D:1      | Reached XP level 2. HP: 26/26 MP: 2/2
   208 | D:1      | 208 ||| INVOKING Spit Poison.
   220 | D:1      | 220 ||| INVOKING Spit Poison.
   253 | D:1      | 253 ||| INVOKING Spit Poison.
   323 | D:1      | 323 ||| INVOKING Spit Poison.
   352 | D:1      | 352 ||| INVOKING Spit Poison.
   353 | D:1      | Reached XP level 3. HP: 32/32 MP: 3/3
   421 | D:1      | 421 ||| INVOKING Spit Poison.
   427 | D:1      | 427 ||| INVOKING Spit Poison.
   433 | D:1      | 433 ||| INVOKING Spit Poison.
   499 | D:1      | 499 ||| INVOKING Spit Poison.
   507 | D:1      | 507 ||| INVOKING Spit Poison.
   629 | D:1      | 629 ||| READING 2 scrolls labelled VAUFRI ENINNI.
   630 | D:1      | 630 ||| READING scroll labelled LESCHE TEAWIEPP.
   631 | D:1      | 631 ||| READING 2 scrolls labelled MOUR ORIN DYXU.
   632 | D:1      | 632 ||| READING scroll labelled BUAGOTOMMACIE.
   635 | D:1      | 635 ||| READING scroll labelled EKKUKA WIEH.
   636 | D:1      | 636 ||| DROPPING scroll of butterflies.
   637 | D:1      | 637 ||| DROPPING scroll of poison.
   655 | D:2      | 655 ||| INVOKING Spit Poison.
   660 | D:2      | Found a bloodstained altar of Trog.
   693 | D:2      | 693 ||| INVOKING Spit Poison.
   741 | D:2      | 741 ||| INVOKING Spit Poison.
   742 | D:2      | Reached skill level 5 in Ranged Weapons
   766 | D:2      | 766 ||| INVOKING Spit Poison.
   769 | D:2      | 769 ||| INVOKING Spit Poison.
   772 | D:2      | Reached XP level 4. HP: 39/39 MP: 4/4
   775 | D:2      | Identified the amulet "Xicuxuddea" {Spirit Drain +Blink
                  | Str+7}
   863 | D:2      | Noticed Robin
   864 | D:2      | 864 ||| INVOKING Spit Poison.
   867 | D:2      | 867 ||| INVOKING Spit Poison.
   871 | D:2      | 871 ||| INVOKING Spit Poison.
   875 | D:2      | Noticed Terence
   878 | D:2      | 878 ||| INVOKING Spit Poison.
   879 | D:2      | HP: 9/39 [hobgoblin[Robin] (6)]
   879 | D:2      | HP: 3/39 [goblin/+0 dagger[Robin] (6)]
   879 | D:2      | Slain by a goblin

Levels and vault maps discovered:
D:1:      dpeg_arrival_chambers_temple_mockup, layout_loops_ring
D:2:      layout_rooms, basic_altar, uniq_robin, uniq_terence

Skill      XL: |  1  2  3 |
---------------+----------+-----
Ranged Weapons | 4 5 |  5.0
Fighting       | |  2.2
Dodging        | |  1.5
Stealth        | |  1.5

Action                     |  1- 3 |  4- 6 || total
---------------------------+-------+-------++-------
   Fire: Shortbow          |    42 |    14 ||    56
Ability: Spit Poison       |    21 |     4 ||    25
    Use: Scroll            |     5 |       ||     5
 Armour: Leather armour    |     1 |     2 ||     3
  Dodge: Dodged            |     5 |    10 ||    15

Table legend:
 A = Non-vault XP
 B = Vault XP
 C = Vault XP percentage of total XP
 D = Non-vault monster count
 E = Vault monster count
 F = Vault count percentage of total count
                 A         B        C        D         E       F
            +---------+---------+-------+---------+---------+-------
      Total |      88 |       7 |   7.4 |      30 |       4 |  11.8
            +---------+---------+-------+---------+---------+-------
        D:1 |      66 |       0 |   0.0 |      24 |       0 |   0.0
        D:2 |      22 |       7 |  24.1 |       6 |       4 |  40.0
            +---------+---------+-------+---------+---------+-------
